[Event "Titled Tuesday Blitz May 17 Late 2022"]
[White "Jones, Gawain C B"]
[Black "Rustemov, Alexander"]
[WhiteFideId "409561"]
[BlackFideId "4119002"]
[WhiteElo "2657"]
[BlackElo "2790"]
[Result "0-1"]
[Round "04"]
[TimeControl "180+1"]
[Date "2022.05.17"]
[WhiteClock "0:00:02"]
[BlackClock "0:00:08"]

1. g3 d5 2. Bg2 Nf6 3. c4 c6 4. b3 Bf5 5. Bb2 e6 6. Nf3 h6 7. O-O Be7 8. d3 O-O 9. Nbd2 a5 10. a3 Nbd7 11. Ne5 Nxe5 12. Bxe5 Nd7 13. Bb2 Bf6 14. Qc2 Re8 15. e4 dxe4 16. dxe4 Bg6 17. f4 Bxb2 18. Qxb2 Nc5 19. Kh1 Qd3 20. Rae1 Rad8 21. Rf2 e5 22. f5 Bh5 23. Bf1 Qd4 24. Qxd4 Rxd4 25. b4 axb4 26. axb4 Red8 27. bxc5 Rxd2 28. Kg1 Bd1 29. Re3 f6 30. Rxd2 Rxd2 31. Rd3 Rxd3 32. Bxd3 Kf8 33. Kf2 Bh5 34. Ke3 Ke7 35. h3 Kd7 36. g4 Bf7 37. Kd2 Kc7 38. Kc3 h5 39. Be2 h4 40. Kb4 b6 41. Bd3 Kb7 42. Bc2 Be8 43. Bb3 Bd7 44. cxb6 Kxb6 45. c5+ Kc7 46. Ka5 Be8 47. Ka6 Bd7 48. Bf7 Bc8+ 49. Ka7 Bd7 50. Bc4 Be8 51. Be6 g6 52. Ka6 gxf5 53. Bxf5 Bf7 54. Ka7 Bc4 55. g5 fxg5 56. Bg4 Bd3 57. Bf5 Be2 58. Ka8 g4 59. hxg4 h3 60. g5 h2 61. g6 Bh5 62. g7 Bf7 63. Bg6 Bg8 64. Bf7 Bxf7 65. g8=Q Bxg8 0-1


[Site "https://www.chess.com"]

[Event "Titled Tuesday Blitz May 17 Late 2022"]
[White "Kaasen, Tor Fredrik"]
[Black "Chigaev, Maksim"]
[WhiteFideId "1516647"]
[BlackFideId "4108116"]
[WhiteElo "2335"]
[BlackElo "2457"]
[Result "1-0"]
[Round "04"]
[TimeControl "180+1"]
[Date "2022.05.17"]
[WhiteClock "0:00:23"]
[BlackClock "0:00:01"]

1. d4 Nf6 2. c4 e6 3. Nc3 Bb4 4. f3 d5 5. a3 Be7 6. e4 dxe4 7. fxe4 e5 8. d5 Bc5 9. Nf3 Bg4 10. h3 Bxf3 11. Qxf3 Nbd7 12. Bg5 h6 13. Bh4 Bd4 14. O-O-O c5 15. Bd3 a6 16. Ne2 Qb6 17. Nxd4 cxd4 18. Rhf1 a5 19. Kb1 O-O 20. g4 Nh7 21. Be7 Nc5 22. h4 g6 23. h5 Ng5 24. Qh1 Rfe8 25. Bxc5 Qxc5 26. hxg6 Kg7 27. gxf7 Rf8 28. Qh2 Qe7 29. c5 Rxf7 30. d6 Qe6 31. Rf5 Rc8 32. Qxe5+ Qxe5 33. Rxe5 Rf2 34. d7 Rd8 35. Bb5 Kf6 36. Re8 Ne6 37. Bc4 1-0


[Site "https://www.chess.com"]

[Event "Titled Tuesday Blitz May 17 Late 2022"]
[White "Kamsky, Gata"]
[Black "Shuvalova, Polina"]
[WhiteFideId "2000024"]
[BlackFideId "24171760"]
[WhiteElo "2645"]
[BlackElo "2355"]
[Result "1-0"]
[Round "04"]
[TimeControl "180+1"]
[Date "2022.05.17"]
[WhiteClock "0:00:38"]
[BlackClock "0:00:09"]

1. e4 c5 2. Nf3 d6 3. d4 cxd4 4. Nxd4 Nf6 5. Nc3 a6 6. a4 e5 7. Nf3 Be7 8. Bc4 Be6 9. Qe2 h6 10. O-O O-O 11. Rd1 Qc7 12. Nd5 Nxd5 13. Bxd5 Nc6 14. Be3 Rac8 15. c3 Nb8 16. h3 Nd7 17. Bxe6 fxe6 18. Nd2 Nc5 19. Qc4 Qd7 20. Nb3 Nxb3 21. Qxb3 Rc6 22. a5 Rfc8 23. Ra4 Kf7 24. Rb4 R8c7 25. Kh1 Qc8 26. f4 Rc4 27. fxe5 dxe5 28. Rb6 Rxe4 29. Rf1+ Bf6 30. Rf3 Rec4 31. Qd1 Rd7 32. Qe2 Rc6 33. Rb4 Rcd6 34. Rf1 Qc6 35. Qh5+ Kg8 36. Bxh6 Rd3 37. Rxf6 gxf6 38. Rg4+ Kh8 39. Bg7+ 1-0


[Site "https://www.chess.com"]

[Event "Titled Tuesday Blitz May 17 Late 2022"]
[White "Kobo, Ori"]
[Black "Martinez Reyes, Pedro Ramon"]
[WhiteFideId "2812320"]
[BlackFideId "3901807"]
[WhiteElo "2420"]
[BlackElo "2410"]
[Result "0-1"]
[Round "04"]
[TimeControl "180+1"]
[Date "2022.05.17"]
[WhiteClock "0:00:04"]
[BlackClock "0:00:14"]

1. e4 c5 2. Nc3 Nc6 3. Bb5 g6 4. Bxc6 bxc6 5. d3 Bg7 6. f4 d6 7. Nf3 Nh6 8. O-O f5 9. e5 O-O 10. Qe1 Rb8 11. b3 Qc7 12. Na4 Nf7 13. Bb2 Ba6 14. c4 Rbe8 15. Qe3 Bc8 16. Rae1 Qd8 17. e6 Nh6 18. Bxg7 Kxg7 19. h3 Rf6 20. Ng5 Ng8 21. d4 cxd4 22. Qxd4 c5 23. Qb2 Bb7 24. Nc3 Qb6 25. Kh2 h6 26. Nf3 Kh7 27. Nd5 Bxd5 28. cxd5 Rb8 29. Qd2 Qb4 30. Qe3 Rff8 31. Rc1 Nf6 32. Rfd1 Qa5 33. Qe2 Rb4 34. Rc4 Rfb8 35. Nd2 Qxa2 36. Qd3 Rxc4 37. Qxc4 Rb4 38. Qf1 Rd4 39. Qe1 Qc2 40. Qe2 Ne4 41. Ra1 Rxd2 42. Qf3 Rf2 43. Rxa7 Rxf3 44. Rxe7+ Kg8 45. Re8+ Kg7 46. Re7+ Kf8 47. Rf7+ Ke8 0-1


[Site "https://www.chess.com"]

[Event "Titled Tuesday Blitz May 17 Late 2022"]
[White "Kozak, Adam"]
[Black "Riehle, Marco"]
[WhiteFideId "753246"]
[BlackFideId "12904392"]
[WhiteElo "2459"]
[BlackElo "2462"]
[Result "0-1"]
[Round "04"]
[TimeControl "180+1"]
[Date "2022.05.17"]
[WhiteClock "0:01:57"]
[BlackClock "0:01:37"]

1. e4 e5 2. Nc3 Nf6 3. d4 exd4 4. Qxd4 Nc6 5. Qe3 Bb4 6. Bd2 O-O 7. O-O-O Re8 8. Bd3 d5 9. Qg3 dxe4 10. Nxe4 Rxe4 11. Bxb4 Nxb4 12. Ne2 Nxd3+ 13. Rxd3 Qe7 14. Nc3 Re5 15. Rhd1 Bf5 16. R3d2 h6 17. Qf3 Ne4 18. Nd5 Qg5 19. h4 Nxd2 20. Qc3 Ne4+ 21. Qe3 Qxe3+ 0-1


[Site "https://www.chess.com"]

[Event "Titled Tuesday Blitz May 17 Late 2022"]
[White "Kruckenhauser, Arthur"]
[Black "Yuan, Qingyu"]
[WhiteFideId "1642812"]
[BlackFideId "8609772"]
[WhiteElo "2243"]
[BlackElo "2359"]
[Result "0-1"]
[Round "04"]
[TimeControl "180+1"]
[Date "2022.05.17"]
[WhiteClock "0:01:33"]
[BlackClock "0:00:52"]

1. e4 c6 2. c4 d5 3. exd5 cxd5 4. d4 Nf6 5. Nc3 Nc6 6. Bg5 dxc4 7. Bxc4 e6 8. Nf3 Be7 9. O-O O-O 10. Re1 a6 11. Bb3 b5 12. a3 Bb7 13. Qd3 Rc8 14. Rad1 b4 15. Ne2 Na5 16. Bc2 Be4 17. Bxf6 Bxd3 18. Bxe7 Qxe7 19. Bxd3 Nc4 20. Rb1 bxa3 21. bxa3 Qxa3 22. Nf4 h6 23. Ra1 Qd6 24. g3 Rfd8 25. Ra2 g5 26. Nh5 g4 27. Nf6+ Kg7 28. Nxg4 Rd7 29. Bxc4 Rxc4 30. Nge5 Rdc7 31. Nxc4 Rxc4 32. Re3 Qd5 33. Rxa6 Rc1+ 34. Kg2 Qb5 0-1


[Site "https://www.chess.com"]

[Event "Titled Tuesday Blitz May 17 Late 2022"]
[White "Makarian, Rudik"]
[Black "Drygalov, Sergey"]
[WhiteFideId "44105681"]
[BlackFideId "24171743"]
[WhiteElo "2419"]
[BlackElo "2514"]
[Result "1-0"]
[Round "04"]
[TimeControl "180+1"]
[Date "2022.05.17"]
[WhiteClock "0:00:03"]
[BlackClock "0:00:04"]

1. d3 Nf6 2. g3 d5 3. f4 c5 4. Bg2 e6 5. Nf3 b5 6. O-O Nc6 7. e4 Be7 8. Qe2 O-O 9. e5 Nd7 10. Nc3 Ba6 11. Nd1 b4 12. Nf2 Rc8 13. g4 Nd4 14. Nxd4 cxd4 15. Nh1 Nc5 16. Ng3 f6 17. exf6 Bxf6 18. Bd2 Qb6 19. g5 Be7 20. f5 Bb7 21. Nh5 Bd8 22. f6 g6 23. Ng7 Bc7 24. Rae1 a5 25. Bh3 e5 26. Qg4 Rcd8 27. Qh4 Bc8 28. Bxc8 Rxc8 29. Rf3 h5 30. Nxh5 Kf7 31. Ng7 Rh8 32. Qg4 Qd6 33. Rh3 e4 34. Re2 Qd7 35. Qxd7+ Nxd7 36. Rxh8 Rxh8 37. dxe4 Bb6 38. Kg2 Bc7 39. h3 dxe4 40. Rxe4 Be5 41. Bf4 Bxf4 42. Rxf4 Rc8 43. Rxd4 Rxc2+ 44. Kg3 Ne5 45. Re4 Rc5 46. h4 a4 47. Rxb4 Rc4 48. Rb7+ Kf8 49. Ne6+ Kg8 50. Rg7+ Kh8 51. f7 Rc8 52. b4 a3 53. b5 Nd7 54. h5 gxh5 55. g6 Nf6 56. Kh4 Rb8 57. Kg5 Ne4+ 58. Kh6 Nf6 59. Rh7+ Nxh7 60. g7# 1-0


[Site "https://www.chess.com"]

[Event "Titled Tuesday Blitz May 17 Late 2022"]
[White "Manukyan, Artyom"]
[Black "Ohanyan, Emin"]
[WhiteFideId "13305786"]
[BlackFideId "13312022"]
[WhiteElo "2034"]
[BlackElo "1927"]
[Result "0-1"]
[Round "04"]
[TimeControl "180+1"]
[Date "2022.05.17"]
[WhiteClock "0:00:02"]
[BlackClock "0:00:01"]

1. e4 e5 2. Nf3 Nc6 3. Bb5 f5 4. Nc3 fxe4 5. Nxe4 Nf6 6. Nxf6+ Qxf6 7. Qe2 Be7 8. Bxc6 bxc6 9. Qxe5 O-O 10. Qxf6 Bxf6 11. O-O d6 12. d3 Bg4 13. Re1 Bxf3 14. gxf3 Be5 15. Kg2 Rf5 16. Re4 Raf8 17. f4 Bxf4 18. Bxf4 Rxf4 19. Rxf4 Rxf4 20. Re1 Kf7 21. Re4 Rxe4 22. dxe4 Kf6 23. h4 g5 24. hxg5+ Kxg5 25. Kg3 d5 26. f4+ Kg6 27. exd5 cxd5 28. b4 Kf5 29. a4 c6 30. b5 cxb5 31. axb5 d4 32. Kf3 h6 33. Kg3 h5 34. Kh4 Kxf4 35. Kxh5 Ke3 36. Kg4 Kd2 37. Kf4 Kxc2 38. Ke4 d3 0-1


[Site "https://www.chess.com"]

[Event "Titled Tuesday Blitz May 17 Late 2022"]
[White "Martinez Alcantara, Jose Eduardo"]
[Black "Suleymanli, Aydin"]
[WhiteFideId "3805662"]
[BlackFideId "13413937"]
[WhiteElo "2690"]
[BlackElo "2481"]
[Result "1-0"]
[Round "04"]
[TimeControl "180+1"]
[Date "2022.05.17"]
[WhiteClock "0:00:16"]
[BlackClock "0:00:02"]

1. e4 c6 2. d4 d5 3. e5 Bf5 4. h4 h5 5. Bd3 Bxd3 6. Qxd3 Qa5+ 7. b4 Qxb4+ 8. Nd2 e6 9. Rb1 Qe7 10. c4 a6 11. Ne2 Nh6 12. c5 Qc7 13. Ng3 g6 14. Nf3 Nd7 15. O-O Be7 16. Bd2 a5 17. Rb2 Ra7 18. Rfb1 Nf5 19. Nxf5 gxf5 20. a4 Bd8 21. Qe2 Nf8 22. g3 Ng6 23. Bg5 Bxg5 24. Nxg5 f4 25. Kh2 Kd8 26. Qd3 Qe7 27. Rb6 f5 28. exf6 Qxf6 29. Rxb7 Rxb7 30. Rxb7 fxg3+ 31. Qxg3 e5 32. Nf7+ Kc8 33. Nd6+ Kd8 34. Nf7+ Kc8 35. Nxh8 Kd8 36. Nxg6 1-0


[Site "https://www.chess.com"]

[Event "Titled Tuesday Blitz May 17 Late 2022"]
[White "Moroni, Luca Jr"]
[Black "Solon, Nathan"]
[WhiteFideId "865834"]
[BlackFideId "2017229"]
[WhiteElo "2573"]
[BlackElo "2561"]
[Result "0-1"]
[Round "04"]
[TimeControl "180+1"]
[Date "2022.05.17"]
[WhiteClock "0:00:03"]
[BlackClock "0:00:26"]

1. d4 d5 2. Bf4 Nf6 3. e3 e6 4. Nf3 Bd6 5. Nbd2 O-O 6. Bd3 c5 7. dxc5 Bxc5 8. O-O Nc6 9. e4 dxe4 10. Nxe4 Nxe4 11. Bxe4 f6 12. Qe2 Qb6 13. c3 e5 14. Bg3 Be6 15. b4 Be7 16. a4 a5 17. b5 Nd8 18. Qd3 f5 19. Bd5 e4 20. Qc4 Bxd5 21. Qxd5+ Qe6 22. Qd1 exf3 23. Re1 Qf7 24. Qxf3 Rc8 25. b6 Nc6 26. Rad1 f4 27. Rd7 fxg3 28. Qxg3 Rcd8 29. Rxb7 Rd2 30. Rf1 Qd5 31. h3 Rd1 32. Qe3 Bc5 33. Qg3 Rxf1+ 34. Kh2 Bd6 35. f4 Bxf4 0-1


[Site "https://www.chess.com"]

[Event "Titled Tuesday Blitz May 17 Late 2022"]
[White "Oparin, Grigoriy"]
[Black "Stoleriu, George"]
[WhiteFideId "24125890"]
[BlackFideId "1227505"]
[WhiteElo "2665"]
[BlackElo "2194"]
[Result "0-1"]
[Round "04"]
[TimeControl "180+1"]
[Date "2022.05.17"]
[WhiteClock "0:00:02"]
[BlackClock "0:00:17"]

1. f4 d5 2. g3 Nf6 3. Bg2 g6 4. Nf3 Bg7 5. d3 O-O 6. O-O c5 7. c3 Nc6 8. Qe1 b6 9. e4 Ba6 10. e5 Nd7 11. Qe2 e6 12. a4 Na5 13. Qc2 Qe7 14. Na3 Bb7 15. Nb5 Bc6 16. Bd2 a6 17. Nd6 Nb7 18. Nxb7 Bxb7 19. Rae1 b5 20. d4 cxd4 21. Nxd4 Nc5 22. g4 f6 23. exf6 Bxf6 24. Nf3 Ne4 25. Be3 Rac8 26. axb5 axb5 27. Qb3 Nc5 28. Qd1 Ne4 29. Bd4 b4 30. cxb4 Qxb4 31. f5 gxf5 32. gxf5 Bxd4+ 33. Nxd4 Kh8 34. Nxe6 Rg8 35. Re2 Ba6 36. Kh1 Bxe2 37. Qxe2 Qc4 38. Qe1 Qc2 39. Bf3 Qxb2 40. f6 Rc2 41. Qh4 Nf2+ 42. Rxf2 Rxf2 0-1


[Site "https://www.chess.com"]

[Event "Titled Tuesday Blitz May 17 Late 2022"]
[White "Pichot, Alan"]
[Black "Wagner, Dennis"]
[WhiteFideId "110973"]
[BlackFideId "24650684"]
[WhiteElo "2579"]
[BlackElo "2355"]
[Result "1/2-1/2"]
[Round "04"]
[TimeControl "180+1"]
[Date "2022.05.17"]
[WhiteClock "0:00:14"]
[BlackClock "0:00:10"]

1. e4 e5 2. Nf3 Nc6 3. Bb5 a6 4. Ba4 Nf6 5. O-O Be7 6. Re1 b5 7. Bb3 O-O 8. a4 Bb7 9. d3 d6 10. Nbd2 Nd7 11. c3 Nc5 12. axb5 axb5 13. Rxa8 Qxa8 14. Bc2 b4 15. Nc4 bxc3 16. bxc3 Qa1 17. Be3 Qxd1 18. Rxd1 Nd7 19. Rb1 Rb8 20. Ba4 Ba8 21. Ra1 h6 22. h3 Bb7 23. Bb5 Ra8 24. Rb1 Nf6 25. Nfd2 Bf8 26. f3 g6 27. g4 Kg7 28. h4 Be7 29. Nf1 Nd7 30. Bf2 Nf8 31. Nfe3 Ne6 32. Nd5 Bd8 33. Nce3 Ra3 34. Nc2 Ra5 35. Bc4 Ba6 36. Ncb4 Nxb4 37. cxb4 Ra3 38. b5 Bb7 39. Kg2 Bxd5 40. exd5 Nf4+ 41. Kf1 Nxd3 42. Be3 Bxh4 43. b6 cxb6 44. Rxb6 Nf4 45. Bb3 Nxd5 46. Bxd5 Rxe3 47. Rb7 Kf6 48. Rxf7+ Kg5 49. Be4 Bg3 50. Rg7 Re1+ 51. Kg2 Kh4 52. Rxg6 Bf4 53. Rxd6 Re2+ 54. Kf1 Rb2 55. Ke1 Kg3 56. Rc6 Rh2 57. Kf1 Rd2 58. Ke1 Rb2 59. Kd1 Kg2 60. Rc2+ Rxc2 61. Kxc2 Kf2 62. Kd3 Kg3 1/2-1/2


[Site "https://www.chess.com"]

[Event "Titled Tuesday Blitz May 17 Late 2022"]
[White "Puranik, Abhimanyu"]
[Black "Hansen, Eric"]
[WhiteFideId "5061245"]
[BlackFideId "2606771"]
[WhiteElo "2520"]
[BlackElo "2568"]
[Result "0-1"]
[Round "04"]
[TimeControl "180+1"]
[Date "2022.05.17"]
[WhiteClock "0:00:03"]
[BlackClock "0:00:06"]

1. e4 e5 2. Nf3 Nc6 3. Bc4 Bc5 4. c3 Nf6 5. d4 exd4 6. e5 d5 7. Bb5 Ne4 8. cxd4 Bb6 9. Nc3 O-O 10. Be3 Ba5 11. Rc1 Ne7 12. O-O c6 13. Bd3 f5 14. exf6 Nxf6 15. Ne2 Bf5 16. Ng3 Bxd3 17. Qxd3 Bc7 18. Rfe1 Ng6 19. Bg5 Bf4 20. Rc2 Bxg5 21. Nxg5 Qd7 22. h3 Rfe8 23. Rcc1 Qd6 24. Nf5 Qf4 25. h4 Nxh4 26. Nxh4 Qxh4 27. Ne6 Ng4 28. Qh3 Qxh3 29. gxh3 Nf6 30. Nc5 Rab8 31. Rxe8+ Nxe8 32. Re1 Kf7 33. Nd7 Rd8 34. Ne5+ Kf8 35. Re3 Nd6 36. Kg2 g6 37. Rf3+ Kg7 38. h4 Nf5 39. Kh3 h5 40. Rb3 b6 41. Nxc6 Re8 42. Nxa7 Re4 43. Rxb6 Rxh4+ 44. Kg2 Rg4+ 45. Kh2 Nxd4 46. Nc6 Nf3+ 47. Kh3 Ng5+ 48. Kh2 Nf3+ 49. Kh3 Rg1 50. Rb3 Ng5+ 51. Kh2 Rd1 52. Rb7+ Kf6 53. b4 h4 54. b5 Rd2 55. b6 Rxf2+ 56. Kh1 Nf3 0-1


[Site "https://www.chess.com"]

[Event "Titled Tuesday Blitz May 17 Late 2022"]
[White "Rasulov, Vugar"]
[Black "Vasquez Schroeder, Rodrigo"]
[WhiteFideId "13402390"]
[BlackFideId "3400042"]
[WhiteElo "2560"]
[BlackElo "2567"]
[Result "0-1"]
[Round "04"]
[TimeControl "180+1"]
[Date "2022.05.17"]
[WhiteClock "0:00:01"]
[BlackClock "0:00:03"]

1. d4 Nf6 2. c4 e6 3. Nf3 Bb4+ 4. Nbd2 O-O 5. e3 b6 6. a3 Bxd2+ 7. Qxd2 Bb7 8. Be2 a5 9. b3 d6 10. O-O Nbd7 11. Bb2 Qe7 12. b4 Ne4 13. Qc2 f5 14. Ne1 Qg5 15. Qd3 axb4 16. axb4 Rxa1 17. Bxa1 Ra8 18. Bb2 b5 19. c5 Bc6 20. Nf3 Qg6 21. Rc1 Ng5 22. Nxg5 Qxg5 23. Bf1 Ra6 24. cxd6 cxd6 25. d5 Bxd5 26. Qxb5 Ra7 27. Bd4 Rb7 28. Qa6 Qe7 29. b5 Nb8 30. Qa5 e5 31. Bb6 Nd7 32. Bc7 Nc5 33. b6 h6 34. h3 Kh7 35. Bxd6 Qxd6 36. Rxc5 Be4 37. Rb5 Qd1 38. Qc3 Rd7 39. Rc5 Qb1 40. Qc1 Qxb6 41. Rxe5 Rc7 42. Qd1 Qb2 43. Rxe4 fxe4 44. Qg4 Qe5 45. g3 Re7 46. Bg2 g6 47. h4 h5 48. Qc8 Qe6 49. Qc5 Kg7 50. Bh3 Qe5 51. Qc4 Qf6 52. Bg2 Rf7 53. Qe2 Qe5 54. Qc2 Re7 55. Qc6 Kh7 56. Qc2 Qe6 57. Qc5 Qe5 58. Qc6 Qe6 59. Qc3 Qf5 60. Qd2 Rf7 61. Qc2 Re7 62. Bf1 Qe5 63. Bc4 Rc7 64. Qb3 Qc5 65. Bf1 Qf5 66. Qb2 Rf7 67. Bg2 Re7 68. Qb8 Qe5 69. Qf8 Qe6 70. Bh3 Qe5 71. Bf1 Qg7 72. Qd8 Qf7 73. Bc4 Rd7 74. Qg5 Rd1+ 75. Kg2 Qf3+ 76. Kh3 Rh1# 0-1


[Site "https://www.chess.com"]

[Event "Titled Tuesday Blitz May 17 Late 2022"]
[White "Sanal, Vahap"]
[Black "Hardaway, Brewington"]
[WhiteFideId "6300545"]
[BlackFideId "30941849"]
[WhiteElo "2574"]
[BlackElo "1768"]
[Result "1-0"]
[Round "04"]
[TimeControl "180+1"]
[Date "2022.05.17"]
[WhiteClock "0:00:49"]
[BlackClock "0:00:16"]

1. c4 Nf6 2. Nc3 e6 3. Nf3 d5 4. d4 Bb4 5. e3 O-O 6. Bd2 a6 7. cxd5 exd5 8. Bd3 h6 9. O-O Re8 10. Ne5 c5 11. a3 cxd4 12. axb4 dxe3 13. Nxf7 Kxf7 14. fxe3 Kg8 15. b5 d4 16. Bc4+ Kh8 17. Rxf6 gxf6 18. Qh5 Re7 19. Nd5 Rh7 20. Nxf6 Nd7 21. Nxh7 Kxh7 22. Bd3+ Kg8 23. Qg6+ 1-0


[Site "https://www.chess.com"]

[Event "Titled Tuesday Blitz May 17 Late 2022"]
[White "Santos Ruiz, Miguel"]
[Black "Kanyamarala, Tarun"]
[WhiteFideId "22291482"]
[BlackFideId "45004714"]
[WhiteElo "2486"]
[BlackElo "2219"]
[Result "1-0"]
[Round "04"]
[TimeControl "180+1"]
[Date "2022.05.17"]
[WhiteClock "0:01:41"]
[BlackClock "0:00:32"]

1. c4 e6 2. Nc3 d5 3. d4 Be7 4. cxd5 exd5 5. Bf4 c6 6. e3 Nf6 7. Bd3 O-O 8. h3 a5 9. Nf3 Na6 10. Ne5 Nb4 11. Bb1 h6 12. a3 Na6 13. Bc2 Nc7 14. g4 Ne6 15. Bg3 c5 16. h4 cxd4 17. exd4 Qb6 18. g5 hxg5 19. hxg5 Nxg5 20. Bf4 Nfe4 21. Nxd5 Qe6 22. Qh5 1-0


[Site "https://www.chess.com"]

[Event "Titled Tuesday Blitz May 17 Late 2022"]
[White "Sargsyan, Anna M."]
[Black "Melkumyan, Hrant"]
[WhiteFideId "13308130"]
[BlackFideId "13302485"]
[WhiteElo "2271"]
[BlackElo "2604"]
[Result "0-1"]
[Round "04"]
[TimeControl "180+1"]
[Date "2022.05.17"]
[WhiteClock "0:00:03"]
[BlackClock "0:00:14"]

1. d4 Nf6 2. c4 g6 3. g3 c5 4. Nf3 cxd4 5. Nxd4 Nc6 6. Bg2 Bg7 7. O-O h5 8. Nxc6 bxc6 9. Nc3 h4 10. e4 Qa5 11. Re1 hxg3 12. hxg3 Ba6 13. e5 Nh7 14. Qd4 Nf8 15. Bd2 Ne6 16. Qe4 Qc5 17. b3 Qd4 18. Rad1 Qxe4 19. Rxe4 Bb7 20. f4 f5 21. Ree1 Rb8 22. Be3 a5 23. Na4 g5 24. fxg5 Bxe5 25. Ba7 Bxg3 26. Bxb8 Bxb8 27. c5 Bg3 28. Re3 f4 29. Rxe6 dxe6 30. Bf3 Kf7 31. Nc3 Bh4 32. Ne4 Bc8 33. Kf1 e5 34. Ke2 Bf5 35. Rh1 Kg6 36. Nf2 Bxf2 37. Rxh8 Bxc5 38. Rh6+ Kxg5 39. Rxc6 Bd4 40. Ra6 e4 41. Rxa5 exf3+ 42. Kxf3 e5 43. Ke2 Be4 0-1


[Site "https://www.chess.com"]

[Event "Titled Tuesday Blitz May 17 Late 2022"]
[White "Souleidis, Georgios"]
[Black "Sjugirov, Sanan"]
[WhiteFideId "4206827"]
[BlackFideId "4189302"]
[WhiteElo "2401"]
[BlackElo "2602"]
[Result "0-1"]
[Round "04"]
[TimeControl "180+1"]
[Date "2022.05.17"]
[WhiteClock "0:00:02"]
[BlackClock "0:00:56"]

1. e4 c5 2. Be2 Nc6 3. d3 e6 4. f4 d5 5. Nf3 Bd6 6. O-O Nge7 7. c3 f6 8. g3 O-O 9. a3 b5 10. b4 a5 11. bxc5 Bxc5+ 12. d4 Bb6 13. e5 Ba6 14. exf6 Rxf6 15. Be3 Nf5 16. Bf2 Nd6 17. Nbd2 Qc8 18. Ne5 Rf8 19. Rc1 Qc7 20. Bd3 Nxe5 21. fxe5 Nc4 22. Nxc4 dxc4 23. Be4 Bb7 24. Qg4 Rae8 25. Rb1 Bc6 26. Be3 Rxf1+ 27. Rxf1 Bxe4 28. Qxe4 Qd7 29. h4 Bd8 30. Kh2 Be7 31. Bc1 Rf8 32. Rxf8+ Bxf8 33. Qa8 b4 34. Qxa5 b3 35. Qb6 Qd5 36. Qb8 h6 37. a4 Kf7 38. a5 Qxa5 39. Qb7+ Kg8 40. Qc8 Kf7 41. Qxc4 Qa2+ 42. Kh3 Qc2 43. Qc7+ Kg8 44. Bf4 b2 45. Qc8 Qf5+ 46. g4 Qxf4 47. Qxe6+ Qf7 48. Qb6 Qf3+ 49. Kh2 Qf2+ 50. Kh3 Qf1+ 51. Kg3 b1=Q 52. Qxb1 Qxb1 0-1


[Site "https://www.chess.com"]

[Event "Titled Tuesday Blitz May 17 Late 2022"]
[White "Steinberg, Nitzan"]
[Black "Zakhartsov, Vladimir"]
[WhiteFideId "2801795"]
[BlackFideId "4145097"]
[WhiteElo "2471"]
[BlackElo "2428"]
[Result "0-1"]
[Round "04"]
[TimeControl "180+1"]
[Date "2022.05.17"]
[WhiteClock "0:00:05"]
[BlackClock "0:00:14"]

1. e4 c6 2. Nf3 d5 3. Nc3 dxe4 4. Nxe4 Nf6 5. Qe2 Nxe4 6. Qxe4 Nd7 7. Bc4 Nf6 8. Ne5 e6 9. Qe2 Bd6 10. d4 O-O 11. O-O c5 12. dxc5 Bxc5 13. Bg5 Be7 14. Rad1 Qc7 15. Bf4 Qa5 16. Bb3 Qc5 17. Qf3 Rd8 18. Rxd8+ Bxd8 19. Rd1 Bc7 20. Nd3 Qe7 21. Bxc7 Qxc7 22. Ne5 Bd7 23. Qe3 Be8 24. h3 b6 25. Qd4 h6 26. c3 Rc8 27. Bc4 Bc6 28. Nxc6 Qxc6 29. Bd3 Qc7 30. Ba6 Re8 31. a4 h5 32. Bb5 Rc8 33. h4 Ng4 34. g3 Ne5 35. Be2 g6 36. f4 Nc6 37. Qd7 Ne7 38. Qxc7 Rxc7 39. Kf2 Nf5 40. Rd8+ Kg7 41. Bd3 Ne7 42. Ke3 Kf6 43. Be4 Nf5+ 44. Bxf5 Kxf5 45. Rd4 Kg4 46. Kf2 Re7 47. b3 Rc7 48. c4 f6 49. b4 a5 50. bxa5 bxa5 51. Re4 Rc6 52. Rd4 f5 53. Kg2 Rb6 54. c5 Rb2+ 55. Kf1 Rc2 56. Rd6 Kf3 57. Rxe6 Rc1+ 58. Re1 Rxc5 59. Ra1 Kxg3 60. Ke2 Kxf4 61. Kd3 Kg4 62. Kd4 Rc6 63. Kd5 Ra6 64. Kc5 Kxh4 65. Kb5 Ra8 66. Rd1 f4 67. Kb6 f3 68. Kb7 Rf8 0-1


[Site "https://www.chess.com"]

[Event "Titled Tuesday Blitz May 17 Late 2022"]
[White "Svane, Frederik"]
[Black "Salem, A.R. Saleh"]
[WhiteFideId "12923044"]
[BlackFideId "9301348"]
[WhiteElo "2459"]
[BlackElo "2679"]
[Result "0-1"]
[Round "04"]
[TimeControl "180+1"]
[Date "2022.05.17"]
[WhiteClock "0:00:10"]
[BlackClock "0:00:42"]

1. e4 c5 2. Nf3 d6 3. Bb5+ Nd7 4. d4 cxd4 5. Qxd4 a6 6. Bxd7+ Bxd7 7. Nc3 Nf6 8. Bg5 h6 9. Bxf6 gxf6 10. O-O-O Rg8 11. Rhg1 e6 12. Qd3 b5 13. Ne2 Qb6 14. Nfd4 Rc8 15. Kb1 b4 16. f4 h5 17. f5 e5 18. Nf3 Ke7 19. Ng3 Bh6 20. Qe2 Bb5 21. Qe1 Qc5 22. Ka1 Be3 23. Rh1 Qb6 24. Qxb4 Rxc2 25. Nxh5 Bc5 26. Qb3 Rgxg2 27. Rb1 a5 28. a4 Bc6 29. Qxb6 Bxb6 30. Ne1 Rc4 31. Rd1 Rxa4+ 32. Kb1 Bxe4+ 33. Kc1 0-1


[Site "https://www.chess.com"]

[Event "Titled Tuesday Blitz May 17 Late 2022"]
[White "Svane, Rasmus"]
[Black "Bazeev, German"]
[WhiteFideId "4657101"]
[BlackFideId "24119350"]
[WhiteElo "2674"]
[BlackElo "2493"]
[Result "1-0"]
[Round "04"]
[TimeControl "180+1"]
[Date "2022.05.17"]
[WhiteClock "0:00:56"]
[BlackClock "0:00:42"]

1. Nf3 Nf6 2. g3 d5 3. Bg2 c6 4. O-O Bg4 5. h3 Bh5 6. d4 Nbd7 7. c4 Bxf3 8. Bxf3 dxc4 9. Qc2 e5 10. Qxc4 Nb6 11. Qb3 Qxd4 12. Be3 Qb4 13. Qc2 Nbd5 14. Bd2 Qc5 15. Nc3 Be7 16. Rac1 Nxc3 17. Bxc3 O-O 18. Qb3 Qb6 19. Bxe5 Qxb3 20. axb3 Rad8 21. Rfd1 Rxd1+ 22. Rxd1 Rd8 23. Rxd8+ Bxd8 24. Bd4 a6 25. e4 Nd7 26. Bg4 Bf6 27. Be3 Ne5 28. Bc8 b5 29. Bxa6 Ng6 30. Bb7 Ne7 31. Bc5 1-0


[Site "https://www.chess.com"]

[Event "Titled Tuesday Blitz May 17 Late 2022"]
[White "Tang, Andrew"]
[Black "Kavyev, Ruslan"]
[WhiteFideId "2059630"]
[BlackFideId "34110981"]
[WhiteElo "2584"]
[BlackElo "2180"]
[Result "1-0"]
[Round "04"]
[TimeControl "180+1"]
[Date "2022.05.17"]
[WhiteClock "0:01:45"]
[BlackClock "0:01:00"]

1. d4 Nf6 2. c4 g6 3. f3 Bg7 4. e4 d6 5. Nc3 O-O 6. Nge2 c5 7. d5 e6 8. Ng3 exd5 9. cxd5 h5 10. Bg5 a6 11. a4 Qb6 12. Qd2 Nh7 13. a5 Qb4 14. Be7 c4 15. Ra4 Qc5 16. Bxf8 Nxf8 17. Rxc4 Qxa5 18. Rxc8 h4 19. Nge2 Qb4 20. Nc1 a5 21. Be2 a4 22. Rc4 Qb6 23. Nxa4 Qa7 24. Nc3 Nbd7 25. Bd1 Qb6 26. Nd3 Ne5 27. Nxe5 Bxe5 28. Qf2 Qa5 29. O-O Nd7 30. Ra4 Qd8 31. Rxa8 Qxa8 32. f4 Bg7 33. e5 dxe5 34. f5 Nf6 35. fxg6 fxg6 36. Bb3 Kh7 37. Bc2 Kg8 38. Bxg6 Qe8 39. Bxe8 1-0


[Site "https://www.chess.com"]